 Dungeon Crawl Stone Soup version 0.28.0 (webtiles) character file.

Game seed: 8456899384509964636

7613 GrayStillPlays the Transmogrifier (level 11, -2/86 HPs)
             Began as an Octopode Conjurer on Feb 11, 2022.
             Was a Follower of Ashenzari.
             Slain by a blink frog (14 damage)
             ... on level 1 of the Lair of Beasts.
             The game lasted 01:14:02 (15988 turns).

GrayStillPlays the Transmogrifier (OpCj)           Turns: 15988, Time: 01:14:03

Health: -2/86      AC:  8    Str:  8    XL:     11   Next: 18%
Magic:  15/17      EV: 10    Int: 25    God:    Ashenzari [*.....]
Gold:   106        SH:  5    Dex: 11    Spells: 5/18 levels left

rFire   . . .      SeeInvis .   (weapon currently unavailable)
rCold   + + +      Faith    .   (shield currently unavailable)
rNeg    . . .      Spirit   .   (helmet currently unavailable)
rPois   +          Reflect  +   h - amulet of reflection
rElec   .          Harm     .   f - ring of the Restrained Yoke {rPois Str+2, Melee, Alch} (curse)
rCorr   .          Rampage  .   u - ring "Mistrust of Ashenzari" {Fly, Self, Range} (curse)
Will    .....                   A - ring "Sublime Loss" {rF+, Elem, Evo} (curse)
Stlth   ++........              M - ring of wizardry
HPRegen 0.24/turn               (no ring)
MPRegen 0.15/turn               (no ring)
                                (no ring)
                                (no ring)

@: ice-form, flying, studying Short Blades
A: freezing attack, boosted hp, almost no armour, amphibious, 8 rings, large,
(camouflage 1), (gelatinous body 1), (nimble swimmer 1), (tentacles)
a: End Transformation, Renounce Religion, Curse Item, Shatter the Chains


You were on level 1 of the Lair of Beasts.
You worshipped Ashenzari.
Ashenzari was aware of your devotion.
You were a creature of crystalline ice.
You visited 3 branches of the dungeon, and saw 11 of its levels.

You collected 526 gold pieces.
You spent 420 gold pieces at shops.


Innate Abilities, Weirdness & Mutations

You are a creature of crystalline ice.
You have a powerful freezing melee attack.
Your maximum health is increased.
Your armour is entirely melded.
You are incapable of wielding weapons or throwing items.
You cannot wear most types of armour.
You are amphibious.
You can wear up to eight rings at the same time.
((Your skin changes colour to match your surroundings (Stealth+).))
((Your rubbery body absorbs attacks. (AC +1, EV +1)))
((You are camouflaged when in or above water. (Stealth+)))
((You have tentacles for arms and can constrict up to eight enemies at once.))


   Skills:
 - Level 4.8(5.6) Fighting
 - Level 3.3 Dodging
 - Level 2.6 Stealth
 - Level 4.0 Shields
 - Level 3.3(4.1) Spellcasting
 - Level 4.6 Conjurations
 - Level 4.1 Summonings
 + Level 10.1(10.9) Transmutations
 + Level 10.0(10.9) Air Magic


You had 5 spell levels left.
You knew the following spells:

 Your Spells              Type           Power      Damage    Failure   Level
a - Magic Dart            Conj           100%       1d8       1%          1
b - Searing Ray           Conj           56%        2d6       1%          2
c - Spider Form           Tmut/Pois      32%        N/A       1%          3
d - Call Canine Familiar  Summ           25%        N/A       1%          3
e - Ice Form              Ice/Tmut       32%        N/A       4%          4

Your spell library contained the following spells:

 Spells                   Type           Power      Damage    Failure   Level
 Dazzling Flash           Conj/Hex       32%        N/A       4%          3
 Ensorcelled Hibernation  Hex/Ice        10%        N/A       5%          2
 Blink                    Tloc           10%        N/A       6%          2
 Portal Projectile        Hex/Tloc       10%        N/A       11%         3
 Fulminant Prism          Conj/Hex       8%         3d7       14%         4
 Hailstorm                Conj/Ice       17%        3d6       14%         4
 Iskenderun's Mystic Bla  Conj/Tloc      16%        2d5       14%         4
 Anguish                  Hex/Necr       2%         N/A       32%         4
 Leda's Liquefaction      Hex/Erth       2%         N/A       32%         4
 Manifold Assault         Tloc           5%         N/A       65%         5
 Storm Form               Tmut/Air       28%        N/A       32%         7
 Simulacrum               Ice/Necr       2%         N/A       99%         6

Inventory:

Hand Weapons
 a - a +0 club {mace}
   (You took it off a kobold brigand on level 9 of the Dungeon)
 b - a +1 short sword of venom {short}
   (You found it on level 9 of the Dungeon)
 K - a +1 trident of protection (melded) {polearm}
   (You took it off a gnoll sergeant on level 8 of the Dungeon)
Missiles
 q - 6 silver javelins {throwing}
 r - 22 sling bullets
 y - 5 curare-tipped darts {=fthrowing}
Armour
 x - an orb of wrath
   (You found it on level 5 of the Dungeon)
 I - a +0 buckler (melded)
   (You took it off a gnoll sergeant on level 8 of the Dungeon)
Magical Staves
 v - a staff of air {!astaff}
   (You found it on level 5 of the Dungeon)
 J - a staff of poison {!astaff}
   (You found it on level 8 of the Dungeon)
Jewellery
 f - the cursed ring of the Restrained Yoke (left front paw) {rPois Str+2, Melee, Alch}
   (You found it on level 2 of the Dungeon)

   [ring of poison resistance]

   Str:       It affects your strength (+2).
   rPois:     It protects you from poison.
   It has a curse which improves the following skills: Melee Combat: Short
   Blades, Long Blades, Axes, Maces & Flails, Polearms, Staves and Unarmed
   Combat.
   Alchemy:   Poison Magic and Transmutations.
 h - an amulet of reflection (around neck)
   (You took it off a hobgoblin on level 2 of the Dungeon)
 u - the cursed ring "Mistrust of Ashenzari" (right front paw) {Fly, Self, Range}
   (You found it on level 5 of the Dungeon)

   [ring of flight]

   Fly:       It grants you flight.
   It has a curse which improves the following skills: Introspection: Fighting
   and Spellcasting.
   Ranged Combat: Slings, Bows, Crossbows and Throwing.
 A - the cursed ring "Sublime Loss" (on tentacle) {rF+, Elem, Evo}
   (You found it on level 6 of the Dungeon)

   [ring of protection from fire]

   rF:        It protects you from fire.
   It has a curse which improves the following skills: Elements: Fire Magic, Ice
   Magic, Air Magic and Earth Magic.
   Evocations: Evocations.
 M - a ring of wizardry (on tentacle)
   (You bought it in a shop on level 2 of the Dungeon)
Wands
 n - a wand of acid (1) (quivered)
   (You found it on level 3 of the Dungeon)
 F - a wand of flame (14)
   (You took it off Duvessa on level 6 of the Dungeon)
Scrolls
 c - a scroll of identify {@r1}
 d - 3 scrolls of immolation {!r!r}
 e - a scroll of magic mapping {!r}
 m - 2 scrolls of brand weapon
 B - a scroll of noise {!r}
 C - 2 scrolls of vulnerability {!r!r}
Potions
 g - a potion of berserk rage {!q}
 k - a potion of degeneration {!q@e2}
 o - a potion of cancellation
 t - a potion of might
 w - a potion of flight
 z - 3 potions of brilliance
 E - a potion of mutation {!q}

Dungeon Overview and Level Annotations

Branches:
Dungeon (9/15)             Temple (1/1) D:4            Lair (1/6) D:9
    Orc: D:9-12

Altars:
Ashenzari
Cheibriados
Dithmenos
Elyvilon
Fedhas
Gozag
Hepliaklqana
Kikubaaqudgha
Makhleb
Nemelex Xobeh
Okawaru
Qazlal
Ru
Sif Muna
Trog
Uskayaw
Vehumet
Wu Jian
Yredelemnul
Zin
The Shining One

Shops:
D:2 =

Annotations:
D:9 Gastronok

### ### ####
#####P###########P#######..######
............§§§§§§...............
............§§§§§§...............
F....h§.F...§§§§§§.§.............
..P###...P######F.§......##......
..###....## #Fh§......##......
..# ##...# #YF.......###..... ..#
#...# #.........# #..... ..P
#.F.# #.........# #..... ...#
#...# #........># #....≈ ..##
....# #.........##P....≈ #...#
#...........##....≈ #..........##
##........$# #.........#


You could see a cane toad, 2 blink frogs and a friendly hound (summoned).


Message History

A blink frog comes into view.
A cane toad and a blink frog come into view.
The blink frog hits you. 😕 HP[-3] MP[+1]
You take 3 damage, and now have 83/86 hp.
You hit the blink frog.
The blink frog seems to slow down.
You freeze the blink frog.
The blink frog blinks!
The blink frog hits you but does no damage. 😕 HP[+1] Unknown command.
You hit the blink frog.
The blink frog seems to slow down.
You freeze the blink frog.
The blink frog is no longer moving slowly.
You hit the blink frog.
The blink frog seems to slow down.
You freeze the blink frog.
The blink frog blinks!
The blink frog closely misses you.
The blink frog blinks!
The blink frog hits you but does no damage.
The blink frog blinks! 😕 HP[+1]
Casting: Ice Form (dangerous; 4% risk of failure)
Confirm with . or Enter, or press ? or * to list all spells.
The blink frog hits you!
The blink frog blinks! x2 😕 HP[-12] MP[-3]
You take 12 damage, and now have 73/86 hp.
You lost 3 mp, and now have 11/17 mp.
What are your orders? t - Shout!
Orders for allies: a - Attack new target. r - Retreat! s - Stop attacking. g - Guard the area. f - Follow me.
Anything else - Cancel.
Gang up on whom?
Press: ? - help, Dir - move target, f - cane toad
Aim: a cane toad (ally target) Attack!
Your hound closely misses the cane toad.
The cane toad stings you! 😮 HP[-11] MP[+1]
You take 11 damage, and now have 62/86 hp.
You hit the cane toad. You freeze the cane toad.
The blink frog is no longer moving slowly.
Your hound bites the cane toad.
The blink frog closely misses you. You block the cane toad's attack.
Your hound barely misses the cane toad.
The blink frog blinks!
Your hound bites the cane toad.
The blink frog blinks! 😮 HP[+1]
You hit the cane toad but do no damage.
Your hound bites the cane toad.
The blink frog hits you.
The cane toad stings you but does no damage.
Your hound bites the cane toad but does no damage. 😮 HP[-1]
You take 1 damage, and now have 62/86 hp.
The blink frog hits you.
Your hound barely misses the cane toad. 😮 HP[-6]
You take 6 damage, and now have 56/86 hp.
The blink frog closely misses you.
The blink frog hits you but does no damage.
Your hound barely misses the blink frog. 😮 HP[+1]
You barely miss the cane toad. The cane toad stings you!
Your hound bites the blink frog.
The blink frog blinks!
The blink frog closely misses you. The cane toad stings you!!
* * * LOW HITPOINT WARNING * * *
😨 HP[-28] MP[+1]
You take 28 damage, and now have 29/86 hp.
MASSIVE DAMAGE!! (PAUSE)
Your hound bites the cane toad.
The blink frog blinks!
The blink frog hits you!
* * * LOW HITPOINT WARNING * * *
The blink frog blinks!
The blink frog hits you!
* * * LOW HITPOINT WARNING * * *
The blink frog blinks! 😱 HP[-20]
You take 20 damage, and now have 9/86 hp.
MASSIVE DAMAGE!! (PAUSE) Blink to where?
Press: ? - help, Q - select action, (/) - cycle Dir - move target, p - cane toad
As you read the scroll of blinking {!r}, it crumbles to dust.
You block the blink frog's attack. 😱 HP[+1]
As you read the scroll of fog, it crumbles to dust.
The scroll dissolves into smoke.
The blink frog closely misses you.
The blink frog blinks!
The blink frog barely misses you. 😱 MP[+1]
You closely miss the blink frog. The blink frog hits you!
* * * LOW HITPOINT WARNING * * *
😱 HP[-9]
You take 9 damage, and now have 1/86 hp.
You feel better. You block the blink frog's attack.
The blink frog blinks! 😱 HP[+5]
You regained 5 hp, and now have 6/86 hp.
As you read the scroll of fog, it crumbles to dust.
The scroll dissolves into smoke.
You feel better. Something closely misses your hound. The cane toad stings you!
* * * LOW HITPOINT WARNING * * *
😱 HP[-3]
You take 3 damage, and now have 3/86 hp.
You feel better. The blink frog hits you!
You die...

Skill      XL: |  1  2  3  4  5  6  7  8  9 10 11 |
---------------+----------------------------------+-----
Fighting       | 1 2 3 4 |  4.8
Dodging        | 3 |  3.3
Spellcasting   | 3 |  3.3
Transmutations | 1 2 3 5 8 9 10 | 10.1
Air Magic      | 1 2 3 5 7 9 10 | 10.0
Summonings     | 4 |  4.1
Shields        | 4 |  4.0
Stealth        | |  2.6
Conjurations   | |  4.6

Action                   |  1- 3 |  4- 6 |  7- 9 | 10-12 || total
-------------------------+-------+-------+-------+-------++-------
Melee: Unarmed           |     8 |       |    97 |   191 ||   296
       Short sword       |    19 |       |       |       ||    19
       Constrict         |     4 |     3 |     1 |       ||     8
       Tentacles         |     3 |     2 |     1 |     3 ||     9
       Punch             |     1 |       |       |       ||     1
       Dagger            |       |     7 |     3 |       ||    10
       Trident           |       |       |       |     4 ||     4
Throw: Dart              |       |       |     7 |       ||     7
       Stone             |       |       |     1 |       ||     1
 Cast: Magic Dart        |    75 |    60 |       |       ||   135
       Searing Ray       |     1 |    17 |    36 |    25 ||    79
       Call Canine Famil |       |       |     8 |     6 ||    14
       Spider Form       |       |       |     4 |     5 ||     9
       Ice Form          |       |       |     3 |    28 ||    31
Invok: Curse Item        |       |       |     3 |       ||     3
Evoke: Wand              |       |       |     5 |     7 ||    12
  Use: Scroll            |       |     4 |     4 |     5 ||    13
       Potion            |       |       |       |     6 ||     6
 Stab: Sleeping          |     2 |       |       |       ||     2
       Distracted        |       |       |       |     1 ||     1
Armor: Skin              |     9 |     2 |    12 |    90 ||   113
Dodge: Dodged            |    50 |    24 |   105 |   138 ||   317
Block: Other             |       |     8 |    31 |    67 ||   106
       Buckler           |       |       |     1 |    12 ||    13

Levels and vault maps discovered:
D:1:      evilmike_arrival_hilbert_curve, layout_basic,
          nicolae_ecumenical_snake_handling, serial_park_tiny_1,
          ebering_dispersal_statue_hall
D:2:      layout_basic, serial_shops, shop_fountains, minmay_misc_feat_roman
D:3:      layout_loops_corners
D:4:      layout_loops_cross, minmay_temple_entry_arrows,
          chequers_serial_rivers_room_b, minmay_manual_monolith
D:5:      layout_basic
D:6:      layout_rooms, uniq_duvessa
D:7:      layout_cave_pods
D:8:      minmay_tri_box, layout_rooms, uniq_erica
D:9:      layout_long_grid, xom_confusion_cloud, due_lair_maze_entry_diamond,
          enter_bailey_6, st_stairs_12, uniq_maurice, uniq_gastronok
Temple:   kilobyte_greek_temple
Lair:1:   layout_long_grid, special_room [special_room_bee],
          chequers_serial_rivers_room_b, lemuel_old_faithful

Notes
Turn   | Place    | Note
-------+----------+-------------------------------------------
     0 | D:1      | GrayStillPlays the Octopode Conjurer began the quest for
                  | the Orb.
     0 | D:1      | Reached XP level 1. HP: 11/11 MP: 3/3
     0 | D:1      | magus.rc [v1.9.6]
   236 | D:1      | Found a faded altar of an unknown god.
   239 | D:1      | Reached XP level 2. HP: 13/18 MP: 0/5
   947 | D:1      | Reached skill level 1 in Fighting
   947 | D:1      | Reached XP level 3. HP: 23/23 MP: 2/6
  1429 | D:2      | Identified the ring "Rilux" {rPois Str+2}
  1483 | D:2      | Found Datty's Jewellery Boutique.
  2310 | D:2      | Learned a level 2 spell: Searing Ray
  2321 | D:2      | Reached XP level 4. HP: 9/28 MP: 5/7
  2321 | D:2      | HP: 1/28 [orc (8)]
  3677 | D:3      | Reached skill level 3 in Dodging
  3677 | D:3      | Reached XP level 5. HP: 34/34 MP: 1/9
  3866 | D:3      | You pick up a book of Dreams and begin reading...
  3866 | D:3      | You add the spells Ensorcelled Hibernation, Spider Form and
                  | Anguish to your library.
  3901 | D:3      | Learned a level 3 spell: Spider Form
  4041 | D:3      | You add the spells Blink, Manifold Assault and Storm Form
                  | to your library.
  4505 | D:4      | Reached skill level 2 in Fighting
  4506 | D:4      | Reached skill level 3 in Spellcasting
  4744 | D:4      | Reached skill level 1 in Transmutations
  4744 | D:4      | Reached skill level 1 in Air Magic
  4842 | D:4      | Found a staircase to the Ecumenical Temple.
  4849 | Temple   | Entered the Ecumenical Temple
  4894 | Temple   | Became a worshipper of Ashenzari the Shackled
  5078 | D:4      | Reached XP level 6. HP: 40/40 MP: 4/10
  5886 | D:4      | Reached skill level 3 in Fighting
  5886 | D:4      | Reached skill level 2 in Transmutations
  5886 | D:4      | Reached skill level 2 in Air Magic
  6130 | D:5      | Entered Level 5 of the Dungeon
  6312 | D:5      | Noticed a sky beast
  6317 | D:5      | Killed a sky beast
  6318 | D:5      | Reached XP level 7. HP: 46/46 MP: 6/12
  6437 | D:5      | HP: 11/47 [ice beast (1)]
  6437 | D:5      | HP: 1/47 [ice beast (10)]
  6903 | D:5      | Reached skill level 3 in Transmutations
  6903 | D:5      | Reached skill level 3 in Air Magic
  7159 | D:5      | Reached skill level 4 in Fighting
  7313 | D:6      | Reached XP level 8. HP: 50/54 MP: 4/13
  7447 | D:6      | Reached skill level 4 in Transmutations
  7447 | D:6      | Reached skill level 4 in Air Magic
  7753 | D:6      | You pick up a book of the Hunter and begin reading...
  7753 | D:6      | You add the spells Call Canine Familiar, Portal Projectile
                  | and Leda's Liquefaction to your library.
  7785 | D:6      | You pick up a book of the Tundra and begin reading...
  7785 | D:6      | You add the spells Hailstorm, Ice Form and Simulacrum to
                  | your library.
  7792 | D:6      | You pick up a book of the Hunter and begin reading...
  7794 | D:6      | Noticed Duvessa
  7805 | D:6      | Killed Duvessa
  7806 | D:6      | Noticed Dowan
  7993 | D:6      | Killed Dowan
  7998 | D:6      | Learned a level 3 spell: Call Canine Familiar
  8009 | D:6      | Reached skill level 1 in Summonings
  8027 | D:6      | Reached skill level 2 in Summonings
  8257 | D:6      | Reached * piety under Ashenzari
  8300 | D:7      | Noticed a hornet
  8680 | D:7      | Reached skill level 3 in Summonings
  8962 | D:7      | Reached skill level 4 in Summonings
  9116 | D:7      | Reached skill level 5 in Transmutations
  9116 | D:7      | Reached skill level 5 in Air Magic
  9116 | D:7      | Reached XP level 9. HP: 52/62 MP: 3/15
  9600 | D:7      | Learned a level 4 spell: Ice Form
  9638 | D:7      | Reached skill level 6 in Transmutations
  9975 | D:7      | Reached skill level 6 in Air Magic
 10380 | D:8      | Reached skill level 7 in Transmutations
 10613 | D:8      | Reached skill level 7 in Air Magic
 10859 | D:8      | Noticed a boulder beetle
 10882 | D:8      | Killed a boulder beetle
 10883 | D:8      | Reached skill level 8 in Transmutations
 10883 | D:8      | Reached XP level 10. HP: 23/68 MP: 9/16
 11144 | D:8      | Reached skill level 8 in Air Magic
 11224 | D:8      | Noticed Erica
 11369 | D:8      | Noticed a centaur warrior
 11405 | D:8      | Noticed a five-headed hydra
 11510 | D:8      | HP: 16/68 [gnoll sergeant (11)]
 11806 | D:8      | Reached skill level 1 in Shields
 11950 | D:9      | Noticed Maurice
 12581 | D:7      | Paralysed by a hornet for 2 turns
 12586 | D:7      | Reached skill level 2 in Shields
 12857 | D:8      | Killed Erica
 13200 | D:8      | Reached skill level 3 in Shields
 13720 | D:8      | Reached skill level 9 in Transmutations
 13720 | D:8      | Reached skill level 9 in Air Magic
 14112 | D:2      | Bought a ring of wizardry for 420 gold pieces
 14261 | D:9      | Noticed a gargoyle
 14516 | D:9      | Killed Maurice
 14517 | D:9      | Reached skill level 4 in Shields
 14525 | D:9      | Killed a gargoyle
 14581 | D:9      | Reached XP level 11. HP: 72/72 MP: 13/17
 14816 | D:9      | Noticed Gastronok
 14844 | D:9      | Found a staircase to the Lair.
 15173 | D:9      | Noticed a tengu warrior
 15205 | Lair:1   | Entered Level 1 of the Lair of Beasts
 15288 | Lair:1   | Reached skill level 10 in Transmutations
 15385 | Lair:1   | Reached skill level 10 in Air Magic
 15977 | Lair:1   | HP: 20/86 [blink frog (9)]
 15977 | Lair:1   | HP: 9/86 [blink frog (11)]
 15982 | Lair:1   | HP: 1/86 [blink frog (10)]
 15987 | Lair:1   | HP: 3/86 [cane toad (15)]
 15988 | Lair:1   | Slain by a blink frog

Vanquished Creatures
  Erica (D:8)
  A boulder beetle (D:8)
  A cane toad (Lair:1)
  A tengu conjurer (D:8)
  2 hornets
  8 yaks
  A basilisk (D:9)
  A steam dragon (D:8)
  Duvessa (D:6)
  4 water moccasins
  5 black bears
  2 sky beasts
  2 ice beasts
  2 ogres (D:5)
  A kobold brigand (D:9)
  5 bullfrogs
  3 gnoll sergeants (D:8)
  2 scorpions
  Dowan (D:6)
  A killer bee (D:9)
  5 wights
  2 howler monkeys (D:9)
  3 orc priests
  3 bullfrog zombies
  3 centaur zombies
  A hound (D:5)
  A centaur skeleton (D:6)
  5 orc wizards
  2 howler monkey zombies (D:6)
  16 gnolls
  2 adders (D:4)
  An ufetubus (D:4)
  2 worms
  A dart slug (D:3)
  9 orcs
  16 ball pythons
  9 endoplasms
  2 giant cockroaches
  7 goblins
  9 hobgoblins
  6 jackals
  6 kobolds
  A quokka (D:1)
  5 bats
  5 frilled lizards
  10 rats
177 creatures vanquished.

Vanquished Creatures (collateral kills)
  Maurice (D:9)
  A gargoyle (D:9)
  A black bear (D:9)
  A centaur zombie (D:7)
  A bullfrog skeleton (D:7)
  An orc wizard (D:9)
6 creatures vanquished.

Vanquished Creatures (others)
  A kobold brigand (D:9)
  An orc wizard (D:4)
  51 fungi
  37 plants
90 creatures vanquished.

Grand Total: 273 creatures vanquished

Table legend:
 A = Non-vault XP
 B = Vault XP
 C = Vault XP percentage of total XP
 D = Non-vault monster count
 E = Vault monster count
 F = Vault count percentage of total count
                 A         B        C        D         E       F
            +---------+---------+-------+---------+---------+-------
      Total |    7478 |    3398 |  31.2 |     159 |      25 |  13.6
            +---------+---------+-------+---------+---------+-------
        D:1 |      35 |       5 |  12.5 |      23 |       3 |  11.5
        D:2 |      73 |       0 |   0.0 |      24 |       0 |   0.0
        D:3 |      76 |       0 |   0.0 |      20 |       0 |   0.0
        D:4 |     295 |      50 |  14.5 |      22 |       5 |  18.5
        D:5 |     562 |       0 |   0.0 |       6 |       0 |   0.0
        D:6 |     679 |     223 |  24.7 |       9 |       2 |  18.2
        D:7 |    1739 |       0 |   0.0 |      12 |       0 |   0.0
        D:8 |    1947 |    2020 |  50.9 |      25 |       8 |  24.2
        D:9 |    1110 |    1100 |  49.8 |      13 |       7 |  35.0
     Lair:1 |     962 |       0 |   0.0 |       5 |       0 |   0.0
            +---------+---------+-------+---------+---------+-------

Illustrated notes

Table legend:
 A = Kills in this place as a percentage of kills in entire the game.
 B = Kills by you in this place as a percentage of kills by you in the entire game.
 C = Kills by friends in this place as a percentage of kills by friends in the entire game.
 D = Other kills in this place as a percentage of other kills in the entire game.
 E = Experience gained in this place as a percentage of experience gained in the entire game.
 F = Experience gained in this place divided by the number of levels of this place that you have seen.
                   A       B       C       D       E      F
               +-------+-------+-------+-------+-------+----------------------
         Total | 100.0 | 100.0 | 100.0 | 100.0 | 100.0 | 988.7
       Dungeon |  97.3 |  97.2 | 100.0 | 100.0 |  91.2 | 1101.6
          Lair |   2.7 |   2.8 |   0.0 |   0.0 |   8.8 | 962.0
               +-------+-------+-------+-------+-------+----------------------

Table legend: (Time is in decaauts)
 A = Elapsed time spent in this place.
 B = Non-inter-level travel time spent in this place.
 C = Inter-level travel time spent in this place.
 D = Time resting spent in this place.
 E = Time spent auto-exploring this place.
 F = Levels seen in this place.
 G = Mean time per level.
                   A        B        C        D        E       F      G
               +--------+--------+--------+--------+--------+-----+--------+
         Total |  16030 |  14892 |   1138 |   6147 |   4437 |  11 | 1457.3 |
       Dungeon |  15178 |  14040 |   1138 |   5792 |   4402 |   9 | 1686.4 |
        Temple |     83 |     83 |      0 |      0 |     35 |   1 |   83.0 |
          Lair |    767 |    767 |      0 |    355 |      0 |   1 |  767.0 |
               +--------+--------+--------+--------+--------+-----+--------+

Top non-repeatable levels by time:
     D:8: 3065 daAuts
     D:7: 2575 daAuts
     D:2: 1842 daAuts
     D:1: 1616 daAuts
     D:3: 1480 daAuts
     D:4: 1353 daAuts
     D:5: 1318 daAuts
     D:6: 1100 daAuts
     D:9: 825 daAuts
  Lair:1: 767 daAuts
  Temple: 83 daAuts
